AoeStats
← Pocket Hunter

Nomad

509477177Analyzed
2v2 RM · 4d ago on Sep 26, 2026· 56m 49s· 4 players
Game mode
Random Map
Map size
176×176
Population
200
Speed
Normal
Resources
Standard
Victory
Conquest
Starting age
Dark Age
Ending age
Imperial Age
RankedLock teamsTeams togetherTeam positionsShared explorationLock speedFull tech treeHidden civsTurbo modeCheats
Victory
Defeat
🇷🇺 Spanish · Russia
778
+15
🇺🇸 Malay · United States
664
+20
🇦🇷 Bohemians · Argentina
770
-18
🇦🇷 Britons · Argentina
745
-17
Pocket Hunter
3:11 Loom
15:44 Feudal Age
16:16 Wheelbarrow
15:27 Double-Bit Axe
15:36 Fishing Lines
15:59 Town Watch
17:14 Arson
18:43 Man-at-Arms
19:17 Gold Mining
19:40 Forging
19:35 Scale Barding Armor
22:53 Castle Age
22:35 Squires
21:58 Elite Skirmisher
22:52 Fletching
23:02 Padded Archer Armor
23:39 Iron Casting
23:04 Stone Mining
24:35 Hand Cart
25:28 Long Swordsman
27:39 Stone Shaft Mining
29:46 Leather Archer Armor
29:27 Bodkin Arrow
30:22 Gillnets
33:02 Thalassocracy
35:50 Medium Warships
38:43 Imperial Age
37:58 Crossbowman
38:44 Murder Holes
39:10 Ballistics
38:48 Two-Handed Swordsman
39:22 Arbalester
40:08 Thumb Ring
39:46 Treadmill Crane
40:34 Conscription
41:05 Redemption
42:14 Bracer
43:14 Blast Furnace
42:44 Ring Archer Armor
44:42 Bow Saw
45:59 Heavy Warships
46:40 Chemistry
51:25 Heated Shot
52:09 Forced Levy
52:35 Elite Cannon Galleon
55:54 Shipwright
55:09 Demolition Ship
55:29 Pikeman
55:33 Spies/Treason
Captain Klest
14:34 Feudal Age
18:50 Castle Age
23:45 Wheelbarrow
23:03 Double-Bit Axe
23:02 Horse Collar
24:57 Bow Saw
26:09 Heavy Plow
26:58 Hand Cart
29:05 Gold Mining
38:19 Imperial Age
39:26 Onager
46:21 Two-Man Saw
56:12 Spies/Treason
BaseBand3900
13:25 Feudal Age
13:53 Double-Bit Axe
16:41 Fishing Lines
20:48 Castle Age
18:36 Horse Collar
19:15 Stone Mining
19:20 Gold Mining
21:24 Man-at-Arms
22:21 Long Swordsman
27:33 Padded Archer Armor
27:24 Fletching
ScenicSign7360
15:42 Feudal Age
16:21 Double-Bit Axe
22:16 Castle Age
19:59 Horse Collar
23:11 Wheelbarrow
23:51 Bow Saw
25:48 Hand Cart
31:09 Imperial Age
29:07 Heavy Plow
31:44 Wagenburg Tactics
34:16 Chemistry
33:39 Ballistics
40:38 Two-Man Saw
43:53 Pikeman
44:33 Squires
46:09 Halberdier
49:46 Elite Skirmisher
Connection lost

Rejoining the realm…

Still unreachable

The connection could not be restored.

Session expired

The server has moved on; the page needs a fresh start.